 Dungeon Crawl Stone Soup version 0.20-a0-1015-g2ec8a95 (webtiles) character file.

10677 Gorglomux the Arsonist (level 11, -13/72 (74) HPs)
             Began as a Yellow Draconian Fire Elementalist on Apr 15, 2017.
             Was an Elder of Vehumet.
             Killed from afar by Harold (42 damage)
             ... with a bolt of fire
             ... on level 10 of the Dungeon.
             The game lasted 00:36:37 (9083 turns).

Gorglomux the Arsonist (DrFE)                       Turns: 9083, Time: 00:36:38

HP:   -13/72 (74)   AC: 13    Str: 10    XL:     11   Next: 39%
MP:   5/17          EV: 12    Int: 19    God:    Vehumet [****..]
Gold: 646           SH:  0    Dex: 17    Spells: 5/18 levels left

rFire    . . .     SeeInvis .   F - +1 hand axe (elec)
rCold    . . .     Gourm    .   (no shield)
rNeg     . . .     Faith    .   (armour unavailable)
rPois    .         Spirit   .   (helmet restricted)
rElec    .         Reflect  .   u - +0 cloak
rCorr    +         Harm     .   (no gloves)
MR       .....                  S - +0 pair of boots
Stlth    ++........             V - amulet of rage
Regen    0.3/turn               n - +4 ring of protection
MPRegen  0.2/turn               w - +5 ring of dexterity

@: short of breath
A: spit acid, acid resistance, unfitting armour, cold-blooded, AC +7
a: Breathe Acid, Renounce Religion, Evoke Berserk Rage


You were on level 10 of the Dungeon.
You worshipped Vehumet.
Vehumet was greatly pleased with you.
You were hungry.

You visited 2 branches of the dungeon, and saw 11 of its levels.

You collected 646 gold pieces.

Inventory:

Hand Weapons
 h - a +0 short sword
 k - a +0 spear
 F - a +1 hand axe of electrocution (weapon)
Missiles
 Z - a throwing net (quivered)
Armour
 u - a +0 cloak (worn)
 S - a +0 pair of boots (worn)
Magical Staves
 K - an uncursed staff of cold
Jewellery
 c - an uncursed ring of protection from cold
 f - an uncursed ring of protection from fire
 m - an uncursed ring of fire
 n - a +4 ring of protection (left hand)
 w - a +5 ring of dexterity (right hand)
 O - an uncursed ring of positive energy
 V - an amulet of rage (around neck)
Wands
 A - a wand of acid (7/15)
 C - a wand of confusion (4/48)
 I - a wand of iceblast (12/15)
 L - a wand of lightning (3/15)
 M - a wand of lightning (9/15)
Scrolls
 e - 2 scrolls of amnesia {unknown}
 j - 6 scrolls of remove curse
 o - a scroll of noise {unknown}
 r - 4 scrolls of immolation
 t - a scroll of enchant weapon {unknown}
 y - 4 scrolls of enchant armour {unknown}
 B - 3 scrolls of blinking
 G - a scroll of fog
 H - 3 scrolls of recharging {unknown}
 J - a scroll of magic mapping {unknown}
 Q - a scroll of fear
 T - 5 scrolls of teleportation
 W - a scroll of holy word {unknown}
Potions
 d - 2 potions of might
 i - a potion of agility
 s - 5 potions of haste
 v - 4 potions of degeneration
 x - 6 potions of curing
 z - a potion of heal wounds
 D - 2 potions of mutation
 E - 4 potions of berserk rage
 R - a potion of lignification {unknown}
Books
 a - a book of Flames

   Spells                             Type                      Level
   a - Flame Tongue                   Conjuration/Fire             1
   b - Throw Flame                    Conjuration/Fire             2
   c - Conjure Flame                  Conjuration/Fire             3
   d - Inner Flame                    Hexes/Fire                   3
   e - Sticky Flame                   Conjuration/Fire             4
   f - Fireball                       Conjuration/Fire             5
 q - a book of Maledictions

   Spells                             Type                      Level
   a - Corona                         Hexes                        1
   b - Ensorcelled Hibernation        Hexes/Ice                    2
   c - Confuse                        Hexes                        3
   d - Tukima's Dance                 Hexes                        3
   e - Dazzling Spray                 Conjuration/Hexes            3
 U - a book of Necromancy

   Spells                             Type                      Level
   a - Pain                           Necromancy                   1
   b - Animate Skeleton               Necromancy                   1
   c - Vampiric Draining              Necromancy                   3
   d - Regeneration                   Charms/Necromancy            3
   e - Animate Dead                   Necromancy                   4
   f - Control Undead                 Necromancy                   4
Miscellaneous
 Y - a lamp of fire
Comestibles
 b - 7 bread rations
 l - 6 meat rations
 N - 5 royal jellies
 P - 6 chunks of flesh
 X - 14 fruits


   Skills:
 - Level 1.7 Dodging
 - Level 1.7 Stealth
 - Level 4.0 Spellcasting
 + Level 12.3 Conjurations
 + Level 12.5 Fire Magic


You had 5 spell levels left.
You knew the following spells:

 Your Spells              Type           Power        Failure   Level  Hunger
a - Flame Tongue          Conj/Fire      #####        1%          1    None
b - Sticky Flame          Conj/Fire      ######..     1%          4    ####...
c - Fireball              Conj/Fire      ######....   1%          5    ######.
j - Conjure Flame         Conj/Fire      ######..     1%          3    ###....


Dungeon Overview and Level Annotations

Branches:
Dungeon (10/15)            Temple (1/1) D:6            Lair (0/6) D:8
    Orc (0/2) D:10

Altars:
Ashenzari
Cheibriados
Dithmenos
Elyvilon
Fedhas
Gozag
Hepliaklqana
Kikubaaqudgha
Makhleb
Nemelex Xobeh
Okawaru
Qazlal
Ru
Sif Muna
Trog
Uskayaw
Vehumet
Wu Jian
Xom
Yredelemnul
Zin
The Shining One
Beogh

Shops:
D:5 [%

Annotations:
D:10 Harold


Innate Abilities, Weirdness & Mutations

You can spit globs of acid.
You are resistant to acid.
Your golden yellow scales are hard. (AC +7)
You cannot fit into any form of body armour.
You are cold-blooded and may be slowed by cold attacks.


Message History

Aiming: Fireball
Press: ? - help, Shift-Dir - straight line, f - Harold
Aim: Harold, wielding a mace and wearing a ring mail (hasn't noticed you)
The fireball explodes!
The fireball engulfs Harold.
Harold is lightly wounded.
Harold shouts!
You are feeling hungry.
Harold casts a spell at you. The bolt of fire hits you!
Casting: Fireball
Confirm with . or Enter, or press ? or * to list all spells.
Aiming: Fireball
Press: ? - help, Shift-Dir - straight line, f/p - Harold
Aim: Harold, wielding a mace and wearing a ring mail (lightly wounded)
The fireball explodes!
The fireball engulfs Harold.
Harold is moderately wounded.
Harold casts a spell at you. The bolt of fire hits you!
Ouch! That really hurt!
You die...

#[###..##..#<#
#.#.....##########
#.#.###.#......>..
#.#.# #.#.........
#.#)###.#...⌠.._..
#.#)....#..)))....
#.#.#####.)))).8.
#.))....##8)8#####
###.####..@.......
#.#####.#.#.####
#...o..#.....o.
#######.###.#.# .#
@# .. # ###


You could see Harold.

Vanquished Creatures
  Erolcha (D:9)
  A hydra (D:9)
  2 two-headed ogres
  3 death yaks (D:8)
  2 dream sheep (D:9)
  A hippogriff (D:9)
  Sigmund (D:5)
  2 yaks (D:9)
  A hungry ghost (D:8)
  Menkaure (D:4)
  A water moccasin (D:8)
  2 porcupines (D:8)
  A black bear (D:9)
  5 phantoms
  10 orc warriors
  3 sky beasts
  2 necrophages
  2 ogres
  3 centaurs
  4 big kobolds
  Blork the orc (D:4)
  5 bullfrogs
  2 scorpions
  7 howler monkeys
  A lava snake (D:9)
  2 bullfrog zombies
  A centaur zombie (D:5)
  A gnoll shaman (D:9)
  2 jellies
  A quasit (D:9)
  A centaur skeleton (D:8)
  7 orc priests
  4 hounds
  4 orc wizards
  4 iguanas
  3 worker ants
  A killer bee zombie (D:5)
  A hound zombie (D:9)
  2 worker ant zombies (D:7)
  4 gnolls (D:9)
  6 adders
  A river rat (D:8)
  A shadow imp (D:7)
  2 oozes (D:3)
  2 adder skeletons
  3 worms
  2 dart slugs
  3 leopard geckos
  61 orcs
  4 giant cockroaches
  9 goblins
  7 hobgoblins
  11 jackals
  5 quokkas
  3 ball pythons
  5 bats
  3 frilled lizards
  A jackal skeleton (D:4)
  14 kobolds
  7 rats
  A bush (D:4)
253 creatures vanquished.

Notes
Turn   | Place    | Note
-------+----------+-------------------------------------------
     0 | D:1      | Gorglomux the Draconian Fire Elementalist began the quest for the Orb.
     0 | D:1      | Reached XP level 1. HP: 14/14 MP: 3/3
   122 | D:1      | Reached XP level 2. HP: 20/20 MP: 3/5
   776 | D:1      | Reached XP level 3. HP: 26/26 MP: 6/6
  1013 | D:2      | Found a faded altar of an unknown god.
  1740 | D:3      | Learned a level 3 spell: Conjure Flame
  2061 | D:3      | Reached XP level 4. HP: 33/33 MP: 1/7
  2106 | D:3      | Learned a level 4 spell: Sticky Flame
  2319 | D:4      | Noticed Menkaure
  2325 | D:4      | Killed Menkaure
  2325 | D:4      | Reached skill level 3 in Spellcasting
  2325 | D:4      | Reached skill level 3 in Conjurations
  2325 | D:4      | Reached XP level 5. HP: 12/38 MP: 0/10
  2365 | D:4      | Noticed Blork the orc
  2395 | D:4      | Killed Blork the orc
  2395 | D:4      | Reached XP level 6. HP: 9/45 MP: 1/11
  3412 | D:5      | Entered Level 5 of the Dungeon
  3417 | D:5      | Noticed Sigmund
  3528 | D:5      | Killed Sigmund
  3528 | D:5      | Your scales start taking on a golden yellow colour.
  3528 | D:5      | Reached XP level 7. HP: 50/50 MP: 4/13
  3616 | D:5      | Found Ysoon's Food Shop.
  3645 | D:5      | Found Woleicapp's Antique Armour Emporium.
  4197 | D:6      | Reached skill level 6 in Fire Magic
  4317 | D:6      | Learned a level 5 spell: Fireball
  4380 | D:6      | Found a staircase to the Ecumenical Temple.
  4578 | Temple   | Entered the Ecumenical Temple
  4735 | Temple   | Became a worshipper of Vehumet
  4902 | D:6      | Reached skill level 6 in Conjurations
  4902 | D:6      | Reached XP level 8. HP: 50/55 MP: 8/14
  5063 | D:7      | Found a shattered altar of Ashenzari.
  5679 | D:8      | Found a staircase to the Lair.
  5679 | D:8      | Noticed a death yak
  5681 | D:8      | Noticed a death yak
  5681 | D:8      | Noticed a death yak
  5962 | D:8      | Noticed a two-headed ogre
  5963 | D:8      | Reached * piety under Vehumet
  5963 | D:8      | Offered knowledge of Sandblast by Vehumet.
  5998 | D:8      | Killed a two-headed ogre
  5998 | D:8      | Reached skill level 9 in Fire Magic
  5998 | D:8      | Reached XP level 9. HP: 59/60 MP: 0/15
  6213 | D:8      | Reached skill level 9 in Conjurations
  6405 | D:8      | Killed a death yak
  6444 | D:8      | Killed a death yak
  6444 | D:8      | Reached XP level 10. HP: 29/67 MP: 0/16
  6642 | D:8      | Killed a death yak
  7206 | D:8      | Offered knowledge of Shock by Vehumet.
  7233 | D:8      | Reached ** piety under Vehumet
  7282 | D:8      | Found a roughly hewn altar of Beogh.
  7631 | D:9      | Noticed a two-headed ogre
  7635 | D:9      | Killed a two-headed ogre
  7758 | D:9      | Noticed Erolcha
  7782 | D:9      | Killed Erolcha
  7782 | D:9      | Offered knowledge of Static Discharge by Vehumet.
  7859 | D:9      | Reached XP level 11. HP: 54/72 MP: 1/17
  8104 | D:9      | Reached *** piety under Vehumet
  8182 | D:9      | Reached skill level 12 in Fire Magic
  8384 | D:9      | Noticed a three-headed hydra
  8441 | D:9      | Killed a three-headed hydra
  8441 | D:9      | Reached skill level 12 in Conjurations
  8847 | D:10     | Entered Level 10 of the Dungeon
  8858 | D:10     | Offered knowledge of Airstrike by Vehumet.
  8974 | D:10     | Found a roughly hewn altar of Beogh.
  8981 | D:10     | Reached **** piety under Vehumet
  8982 | D:10     | Found a staircase to the Orcish Mines.
  8983 | D:10     | Noticed Harold
  9083 | D:10     | Killed from afar by Harold

Vault maps used:
D:1:      lemuel_arrival_hallway
D:2:      chequers_ecumenical_altar_island
D:3:      kennysheep_generic_room_4
D:4:      serial_forest, infiniplex_forest_end_1,
          infiniplex_forest_clump_medium, infiniplex_forest_end_2,
          infiniplex_forest_clump_double, infiniplex_forest_lined_2,
          infiniplex_forest_diagonal, infiniplex_forest_clump_medium,
          first_bread, uniq_menkaure, uniq_blork_the_orc
D:5:      serial_shops, nicolae_shop_crystal, shop, lemuel_another_geyser,
          uniq_sigmund
D:6:      minmay_temple_entry_poolview
D:7:      cheibrodos_ashenzari_chains
D:8:      dpeg_lair_monsters, special_room
D:9:      kennysheep_small_spiral, hangedman_ranch, uniq_erolcha
D:10:     david_orc_5, uniq_harold
Temple:   minmay_crystal_snake_temple

Skill      XL: |  1  2  3  4  5  6  7  8  9 10 11 |
---------------+----------------------------------+-----
Conjurations   | 2 3 4 6 8 10 11 12 | 12.3
Spellcasting   | 3 4 |  4.0
Fire Magic     | 4 5 6 9 10 11 12 | 12.5
Dodging        | |  1.7
Stealth        | |  1.7

Action                   |  1- 3 |  4- 6 |  7- 9 | 10-12 || total
-------------------------+-------+-------+-------+-------++-------
Melee: Unarmed           |    29 |       |       |       ||    29
       Spear             |    32 |     5 |       |       ||    37
       Short sword       |     4 |       |       |       ||     4
       Tailslap          |     3 |     4 |     7 |    21 ||    35
       Hand axe          |       |    26 |    86 |    93 ||   205
 Cast: Flame Tongue      |    61 |    51 |   112 |   122 ||   346
       Conjure Flame     |       |     1 |     4 |     5 ||    10
       Sticky Flame      |       |       |    13 |    21 ||    34
       Fireball          |       |       |     4 |    25 ||    29
 Abil: Breathe Acid      |       |       |     4 |    10 ||    14
Evoke: Wand              |       |     5 |       |     2 ||     7
  Use: Scroll            |       |       |    15 |       ||    15
 Stab: Sleeping          |       |       |     4 |       ||     4
  Eat: Chunk             |     4 |     5 |    13 |    22 ||    44
       Royal jelly       |       |       |       |     1 ||     1
Armor: Skin              |    30 |    15 |    58 |    75 ||   178
Dodge: Dodged            |    42 |    11 |   102 |   120 ||   275
